 Dungeon Crawl Stone Soup version 0.25.1-2-g60ff931df9 (webtiles) character file.

Game seed: 6242057833786943892

71 Almogavar the Vandal (level 4, 0/29 HPs)
             Began as a Halfling Hunter on Sept 20, 2020.
             Slain by a worker ant (2 damage)
             ... on level 1 of the Dungeon.
             The game lasted 00:06:14 (1273 turns).

Almogavar the Vandal (Halfling Hunter)              Turns: 1273, Time: 00:06:15

Health: 0/29       AC:  4    Str: 13    XL:     4   Next: 47%
Magic:  4/4        EV: 14    Int:  9    God:
Gold:   56         SH:  0    Dex: 15    Spells: 3/3 levels left

rFire    . . .     SeeInvis .   a - +1 hunting sling
rCold    . . .     Gourm    .   (shield restricted)
rNeg     . . .     Faith    .   c - +0 leather armour
rPois    .         Spirit   .   j - +0 helmet
rElec    .         Reflect  .   (no cloak)
rCorr    .         Harm     .   (no gloves)
MR       .....                  (no boots)
Stlth    ++........             (no amulet)
HPRegen  0.09/turn              (no ring)
MPRegen  0.09/turn              (no ring)

@: lethally poisoned (0 -> -2), very slightly contaminated
A: small, mutation resistance 1
a: no special abilities


You were on level 1 of the Dungeon.
You were not hungry.

You visited 1 branch of the dungeon, and saw 2 of its levels.

You collected 56 gold pieces.

Inventory:

Hand Weapons
 a - a +1 hunting sling (weapon)
 b - a +0 short sword
Missiles
 d - 62 sling bullets
 h - 12 stones (quivered)
Armour
 c - a +0 leather armour (worn)
 j - a +0 helmet (worn)
 m - a +0 chain mail
 p - a +0 ring mail
Jewellery
 i - an uncursed ring of wizardry {unknown}
Wands
 n - a wand of iceblast (12)
Scrolls
 k - a scroll of identify
 l - a scroll of amnesia
 q - a scroll of fog {unknown}
Potions
 e - a potion of magic
Comestibles
 f - 2 rations
 g - 3 chunks of flesh


   Skills:
 + Level 2.1 Fighting
 + Level 7.8 Slings
 + Level 0.2 Armour
 + Level 2.3 Dodging
 + Level 1.2 Stealth


You had 3 spell levels left.
You didn't know any spells.
Your spell library was empty.

Dungeon Overview and Level Annotations

Branches:
Dungeon (2/15)

Altars:


Innate Abilities, Weirdness & Mutations

You are small and have problems with some larger weapons.
You are somewhat resistant to further mutation.


Message History

Really attack while wielding your +1 hunting sling? [Y]es or [N]o only, please.
Really attack while wielding your +1 hunting sling? [Y]es or [N]o only, please.
Really attack while wielding your +1 hunting sling?
Okay, then.
Firing (i - inventory. (/) - cycle)
h - 14 stones (quivered)
Press: ? - help, Shift-Dir - straight line, f - worker ant
Aim: a worker ant (heavily wounded)
You shoot a stone.
The stone hits the worker ant but does no damage.
The worker ant is heavily wounded.
The worker ant barely misses you.
Firing (i - inventory. (/) - cycle)
h - 13 stones (quivered)
Press: ? - help, Shift-Dir - straight line, f/p - worker ant
Aim: a worker ant (heavily wounded)
You shoot a stone.
The stone closely misses the worker ant.
The worker ant bites you.
You die...

.....#..(.......#........#
.....##...[#.##.#........#
#.....##..##..#.#........#
.........##...#.#........#
#####.........#..).......#
###...#####...##.........#
....###
#######).......########
.######
#..a.###..###........
......#######...@#
#...##........
#####............#
##..##........
####....####.....#
#..##........ .....##.#
##....# #..##........
#######.#####....#
#...#........
##..........#....#
##..#........
#).#.#..#.###....#
#..รทรท.......
).......#.###.####
#..####.####
##.#.#....##..# ####..#
#.#


You could see a worker ant.

Vanquished Creatures
  An adder (D:2)
  4 dart slugs (D:1)
  A leopard gecko (D:1)
  A ball python (D:1)
  4 bats (D:1)
  3 giant cockroaches (D:1)
  4 goblins (D:1)
  6 hobgoblins
  8 jackals
  A quokka (D:2)
  5 frilled lizards (D:1)
  6 kobolds
  5 rats
49 creatures vanquished.

Notes
Turn   | Place    | Note
-------+----------+-------------------------------------------
     0 | D:1      | Almogavar the Halfling Hunter began the quest for the Orb.
     0 | D:1      | Reached XP level 1. HP: 14/14 MP: 1/1
    83 | D:1      | Reached skill level 6 in Slings
   106 | D:1      | Reached XP level 2. HP: 19/19 MP: 2/2
   228 | D:1      | Reached XP level 3. HP: 24/24 MP: 3/3
   271 | D:1      | Reached skill level 7 in Slings
   495 | D:1      | Reached XP level 4. HP: 29/29 MP: 4/4
  1273 | D:1      | Slain by a worker ant

Illustrated notes

Levels and vault maps discovered:
D:1:      kennysheep_arrival_seaside, layout_rooms, serial_glass,
          glass_columns_a, glass_columns_a, minmay_pentomino_w4
D:2:      layout_basic, led_sif_pool, lemuel_coloured_pillars_altar

Skill      XL: |  1  2  3 |
---------------+----------+-----
Slings         | 6 7 |  7.8
Fighting       | 2 |  2.1
Armour         | |  0.2
Dodging        | |  2.3
Stealth        | |  1.2

Action                   |  1- 3 |  4- 6 || total
-------------------------+-------+-------++-------
 Fire: Hunting sling     |    94 |    51 ||   145
  Use: Scroll            |       |     2 ||     2
       Potion            |       |     1 ||     1
  Eat: Chunk             |       |     1 ||     1
Armor: Leather armour    |     5 |     3 ||     8
Dodge: Dodged            |    17 |    11 ||    28
